 Dungeon Crawl Stone Soup version 0.29.1-15-g9cfb28693d (webtiles) character file.

Game seed: 3803943130618683759

81 GailPale the Ruffian (level 4, -5/44 HPs)
             Began as a Troll Berserker on Apr 2, 2023.
             Was a Believer of Trog.
             Slain by a gnoll
             ... wielding a +0 spear
             ... led by a gnoll sergeant
              (8 damage)
             ... on level 4 of the Dungeon.
             The game lasted 00:10:26 (792 turns).

GailPale the Ruffian (Troll Berserker)               Turns: 792, Time: 00:10:28

Health: -5/44      AC:  8    Str: 27    XL:     4   Next: 19%
Magic:  3/3        EV: 10    Int:  3    God:    Trog [**....]
Gold:   104        SH:  0    Dex:  9    Spells: 3/3 levels left

rFire   . . .      SeeInvis .     - Unarmed
rCold   . . .      Faith    .   (no shield)
rNeg    . . .      Spirit   .   a - +0 animal skin
rPois   .          Reflect  .   (helmet restricted)
rElec   .          Harm     .   (no cloak)
rCorr   .          Rampage  .   (gloves unavailable)
Will    .....                   (boots unavailable)
Stlth   +.........              (no amulet)
HPRegen 0.94/turn               n - +4 ring of protection
MPRegen 0.08/turn               (no ring)

@: on berserk cooldown, attractive, slowed, very slow
A: large, unfitting armour, claws 3, regeneration 1, shaggy fur 1, tough skin 1
a: Renounce Religion, Berserk, Trog's Hand


You were on level 4 of the Dungeon.
You worshipped Trog.
Trog was pleased with you.
You visited 1 branch of the dungeon, and saw 4 of its levels.

You collected 104 gold pieces.

Inventory:

Hand Weapons
 g - a +1 short sword of venom
 i - the +4 sling "Zariut" {flame, rPois}
   (You found it on level 2 of the Dungeon)

   Any ammunition fired from it burns those it strikes, dealing additional fire
   damage.
   rPois:     It protects you from poison.
Missiles
 b - 21 stones (quivered)
 k - 6 poisoned darts
Armour
 a - a +0 animal skin (worn)
Jewellery
 n - a +4 ring of protection (left claw)
Scrolls
 d - a scroll of immolation {unknown}
 f - a scroll of silence {unknown}
 h - a scroll of teleportation {unknown}
 j - a scroll of summoning {unknown}
Potions
 e - a potion of curing {unknown}
 l - a potion of invisibility {unknown}
 m - a potion of degeneration {unknown}


   Skills:
 + Level 2.8 Fighting
 + Level 2.9 Dodging
 + Level 0.4 Stealth
 + Level 4.0 Unarmed Combat


You had 3 spell levels left.
You didn't know any spells.
Your spell library contained the following spells:

 Spells                   Type           Power      Damage    Failure   Level
 Portal Projectile        Hex/Tloc       0%         N/A       88%         3
 Tukima's Dance           Hex            0%         N/A       88%         3
 Blade Hands              Tmut           0%         N/A       100%        5


Dungeon Overview and Level Annotations

Branches:
Dungeon (4/15)
 Temple: D:4-7

Altars:
Sif Muna
Yredelemnul

Shops:
D:2 =


Innate Abilities, Weirdness & Mutations

You are too large for most types of armour.
You have claws for hands.
Your natural rate of healing is unusually fast.
You are covered in fur. (AC +1)
You have tough skin. (AC +1)


Message History

The gnoll sergeant hits you with a +0 trident.
You barely miss the gnoll sergeant.
The gnoll sergeant is heavily wounded.
The gnoll hits you from afar with a +0 spear.
The gnoll sergeant hits you with a +0 trident.
You closely miss the gnoll sergeant.
The gnoll sergeant is heavily wounded.
The gnoll barely misses you.
The gnoll sergeant hits you with a +0 trident.
The gnoll closely misses you.
The gnoll sergeant hits you with a +0 trident.
* * * LOW HITPOINT WARNING * * *
The gnoll sergeant hits you from afar with a +0 trident.
* * * LOW HITPOINT WARNING * * *
You see here a +0 spear.
The gnoll sergeant hits you but does no damage.
The gnoll sergeant hits you but does no damage.
It was a potion of attraction.
You feel attractive to monsters. The gnoll sergeant closely misses you.
The gnoll sergeant hits you from afar with a +0 trident.
* * * LOW HITPOINT WARNING * * *
The gnoll sergeant is attracted toward you.
The gnoll is attracted toward you.
You scratch the gnoll sergeant. Your claw misses the gnoll sergeant.
The gnoll sergeant is severely wounded.
The gnoll closely misses you. The gnoll sergeant closely misses you.
You scratch the gnoll sergeant.
The gnoll sergeant is severely wounded.
The gnoll sergeant hits you with a +0 trident.
* * * LOW HITPOINT WARNING * * *
The gnoll hits you but does no damage.
You scratch the gnoll sergeant.
The gnoll sergeant is almost dead.
The gnoll hits you from afar with a +0 spear.
* * * LOW HITPOINT WARNING * * *
The gnoll sergeant hits you with a +0 trident.
* * * LOW HITPOINT WARNING * * *
The gnoll hits you from afar with a +0 spear!
You die...

..? .... ....
#############
#.#.#
#.§gg<~......
##...
#)###@~....##
#.... #)#
#..~...#
!...)##### #g#
#..~...#
#...)'_g.###.#
#..~~..#
##...###gg...#
#...~..# ##.#
#######
###.~..# ##
...## ####


You could see a gnoll sergeant and a gnoll.

Vanquished Creatures
  4 gnolls (D:4)
  3 worms
  An orc (D:3)
  4 endoplasms
  A giant cockroach (D:3)
  2 goblins
  A hobgoblin (D:2)
  3 jackals (D:1)
  A quokka (D:2)
  4 ball pythons
  2 bats (D:2)
  5 kobolds
  4 rats
35 creatures vanquished.

Vanquished Creatures (others)
  A plant (D:1)
1 creature vanquished.

Grand Total: 36 creatures vanquished

Notes
Turn   | Place    | Note
-------+----------+-------------------------------------------
     0 | D:1      | GailPale the Troll Berserker began the quest for the Orb.
     0 | D:1      | Reached XP level 1. HP: 22/22 MP: 0/0
   218 | D:1      | Reached XP level 2. HP: 29/29 MP: 1/1
   404 | D:2      | Identified the +4 sling "Zariut" {flame, rPois}
   419 | D:2      | Found a basalt altar of Yredelemnul.
   463 | D:2      | Found Hiun's Jewellery Boutique.
   526 | D:2      | Reached XP level 3. HP: 36/36 MP: 2/2
   572 | D:3      | Reached ** piety under Trog
   739 | D:4      | Found a shimmering blue altar of Sif Muna.
   743 | D:4      | Noticed a gnoll sergeant
   776 | D:4      | Reached XP level 4. HP: 44/44 MP: 3/3
   778 | D:4      | Reached skill level 4 in Unarmed Combat
   792 | D:4      | Slain by a gnoll

Illustrated notes

Levels and vault maps discovered:
D:1:      tarquinn_simple_flora_water_c, layout_loops_ring,
          shapermc_ecumenical_altar_mp_highgroup, serial_park_tiny_2,
          minmay_misc_feat_more_columns, minmay_misc_feat_rows
D:2:      layout_basic, serial_shops, nicolae_shop_stone, basic_altar
D:3:      layout_basic
D:4:      layout_loops_ring, kennysheep_mini, minmay_temple_entry_offerings,
          serial_rivers, chequers_serial_rivers_micro_c,
          chequers_serial_rivers_marsh, chequers_serial_rivers_room_a,
          chequers_serial_rivers_small_a, chequers_serial_rivers_micro_e,
          chequers_serial_rivers_small_3, minmay_misc_feat_chi

Skill      XL: |  1  2  3  4 |
---------------+-------------+-----
Unarmed Combat | 4 |  4.0
Fighting       | |  2.8
Dodging        | |  2.9
Stealth        | |  0.4

Action                   |  1- 3 |  4- 6 || total
-------------------------+-------+-------++-------
Melee: Unarmed           |    75 |     9 ||    84
       Punch             |     2 |       ||     2
 Fire: Sling             |     1 |       ||     1
Invok: Berserk           |     1 |       ||     1
       Trog's Hand       |     1 |       ||     1
  Use: Potion            |       |     1 ||     1
 Stab: Sleeping          |     1 |       ||     1
Armor: Animal skin       |    19 |     5 ||    24
Dodge: Dodged            |    44 |     9 ||    53
